2097 views
Uploaded 2023-08-07 22:13:33
Game version 1.36 (6115)
18:23 long 4on4 ladder game on (8)Sanctuary_LV_S2
Saved by DKnight
2097 views
Uploaded 2023-08-07 22:13:33
Game version 1.36 (6115)
18:23 long 4on4 ladder game on (8)Sanctuary_LV_S2


161 units @ 22.7k
/ 3.1k
68 buildings @ 10.4k
/ 3.9k

| Lesser Clarity Potion | 3 | 210 |
| Potion of Mana | 4 | 800 |
| Scroll of Regeneration | 2 | 200 |
| Staff of Sanctuary | 1 | 250 |
| Scroll of Healing | 2 | 500 |
| Scroll of Town Portal | 1 | 350 |
| Scroll of Protection | 1 | 150 |
| Healing Salve | 1 | 100 |
| total: | 15 | 2560g |
| Peasant | 18 | 1350 | / | 0 |
| Footman | 17 | 2295 | / | 0 |
| Knight | 5 | 1225 | / | 300 |
| Flying Machine | 6 | 600 | / | 180 |
| total: | 46 | 5470g | / | 480w |
| Scout Tower | 3 | 90 | / | 60 |
| Arcane Tower | 1 | 70 | / | 50 |
| Guard Tower | 2 | 140 | / | 100 |
| Farm | 10 | 800 | / | 200 |
| Barracks | 2 | 320 | / | 120 |
| Altar of Kings | 1 | 180 | / | 50 |
| Town Hall | 2 | 770 | / | 410 |
| Arcane Vault | 1 | 130 | / | 30 |
| Lumber Mill | 1 | 120 | / | 0 |
| Blacksmith | 2 | 280 | / | 120 |
| Workshop | 4 | 560 | / | 560 |
| Keep | 1 | 320 | / | 210 |
| Castle | 1 | 360 | / | 210 |
| total: | 26 | 3250g | / | 1550w |
| 0:01 | Peasant |
| 0:09 | Peasant |
| 0:18 | Farm |
| 0:21 | Peasant |
| 0:33 | Barracks |
| 0:38 | Peasant |
| 0:48 | Altar of Kings |
| 0:55 | Farm |
| 0:57 | Peasant |
| 1:10 | Peasant |
| 1:27 | Peasant |
| 1:31 | Farm |
| 1:35 | Footman |
| 1:51 | Peasant |
| 1:51 | Footman |
| 2:01 | Peasant |
| 2:01 | Peasant |
| 2:09 | Farm |
| 2:16 | Footman |
| 2:23 | Peasant |
| 2:37 | Footman |
| 2:45 | Peasant |
| 2:47 | Storm Bolt |
| 2:58 | Footman |
| 3:18 | Footman |
| 3:19 | Peasant |
| 3:52 | Thunder Clap |
| 3:56 | Town Hall |
| 4:02 | Scout Tower |
| 4:13 | Defend |
| 4:31 | Arcane Tower |
| 4:47 | Arcane Vault |
| 4:57 | Peasant |
| 5:02 | Footman |
| 5:22 | Keep |
| 5:24 | Thunder Clap |
| 5:28 | Footman |
| 5:38 | Footman |
| 5:39 | Barracks |
| 5:52 | Lumber Mill |
| 5:53 | Blacksmith |
| 5:55 | Blacksmith |
| 6:00 | Footman |
| 6:01 | Peasant |
| 6:17 | Footman |
| 6:19 | Peasant |
| 6:36 | Footman |
| 6:37 | Farm |
| 6:42 | Peasant |
| 6:42 | Peasant |
| 6:45 | Footman |
| 6:56 | Improved Lumber Harvesting |
| 7:32 | Iron Plating |
| 8:07 | Castle |
| 8:20 | Advanced Lumber Harvesting |
| 8:25 | Workshop |
| 8:26 | Workshop |
| 8:51 | Scout Tower |
| 8:54 | Scout Tower |
| 8:54 | Lesser Clarity Potion |
| 8:56 | Potion of Mana |
| 8:57 | Scroll of Regeneration |
| 9:04 | Footman |
| 9:07 | Potion of Mana |
| 9:22 | Footman |
| 9:49 | Storm Bolt |
| 9:53 | Guard Tower |
| 9:54 | Guard Tower |
| 9:56 | Workshop |
| 9:58 | Workshop |
| 10:11 | Iron Forged Swords |
| 10:31 | Scroll of Healing |
| 10:31 | Scroll of Healing |
| 10:31 | Scroll of Protection |
| 10:40 | Steel Plating |
| 11:13 | Animal War Training |
| 11:14 | Fragmentation Shards |
| 11:17 | Flak Cannons |
| 11:48 | Steel Forged Swords |
| 13:33 | Storm Bolt |
| 13:40 | Knight |
| 13:41 | Flying Machine |
| 13:43 | Black Gunpowder |
| 13:43 | Studded Leather Armor |
| 13:58 | Avatar |
| 14:06 | Flying Machine |
| 14:06 | Flying Machine |
| 14:07 | Knight |
| 14:09 | Mithril Plating |
| 14:09 | Mithril Forged Swords |
| 14:16 | Footman |
| 14:17 | Footman |
| 14:24 | Farm |
| 14:24 | Farm |
| 14:29 | Farm |
| 14:29 | Farm |
| 14:42 | Healing Salve |
| 14:43 | Lesser Clarity Potion |
| 14:45 | Potion of Mana |
| 14:46 | Potion of Mana |
| 15:03 | Knight |
| 15:04 | Flying Machine |
| 15:04 | Flying Machine |
| 15:07 | Farm |
| 15:48 | Knight |
| 16:20 | Town Hall |
| 16:46 | Knight |
| 17:32 | Scroll of Regeneration |
| 17:32 | Lesser Clarity Potion |
| 17:34 | Scroll of Town Portal |
| 17:41 | Staff of Sanctuary |
| 18:01 | Flying Machine |
| Select group | 1788 |
| Right click | 404 |
| Select | 316 |
| Misc. action | 276 |
| Build/train/purchase | 168 |
| Assign group | 143 |
| Use ability | 35 |
| Resource trade | 27 |
| Esc | 9 |
| Item give/drop | 3 |
| Minimap ping | 3 |


| Rod of Necromancy | 2 | 300 |
| Orb of Corruption | 1 | 375 |
| Scroll of Town Portal | 2 | 700 |
| Scroll of Healing | 1 | 250 |
| Potion of Lesser Invulnerability | 1 | 150 |
| total: | 7 | 1775g |
| Acolyte | 8 | 600 | / | 0 |
| Ghoul | 2 | 240 | / | 0 |
| Crypt Fiend | 8 | 1720 | / | 320 |
| Obsidian Statue | 4 | 800 | / | 140 |
| Frost Wyrm | 2 | 770 | / | 240 |
| Abomination | 1 | 240 | / | 70 |
| Goblin Shredder | 1 | 375 | / | 100 |
| total: | 26 | 4745g | / | 870w |
| Nerubian Tower | 1 | 100 | / | 20 |
| Spirit Tower | 1 | 145 | / | 40 |
| Crypt | 1 | 200 | / | 50 |
| Graveyard | 1 | 215 | / | 0 |
| Ziggurat | 7 | 1050 | / | 350 |
| Altar of Darkness | 1 | 180 | / | 50 |
| Tomb of Relics | 1 | 130 | / | 30 |
| Necropolis | 1 | 225 | / | 0 |
| Slaughterhouse | 2 | 280 | / | 270 |
| Boneyard | 1 | 175 | / | 200 |
| Halls of the Dead | 1 | 320 | / | 210 |
| Black Citadel | 1 | 325 | / | 230 |
| total: | 15 | 2455g | / | 950w |
| 0:02 | Acolyte |
| 0:16 | Crypt |
| 0:19 | Graveyard |
| 0:24 | Acolyte |
| 0:41 | Ziggurat |
| 1:00 | Altar of Darkness |
| 1:21 | Ghoul |
| 1:29 | Ziggurat |
| 1:40 | Ghoul |
| 1:55 | Tomb of Relics |
| 2:17 | Crypt Fiend |
| 2:33 | Nerubian Tower |
| 2:48 | Crypt Fiend |
| 3:02 | Death Coil |
| 3:05 | Rod of Necromancy |
| 3:26 | Crypt Fiend |
| 3:59 | Halls of the Dead |
| 4:10 | Ziggurat |
| 4:28 | Creature Attack |
| 4:30 | Unholy Aura |
| 5:09 | Crypt Fiend |
| 5:24 | Goblin Shredder |
| 5:50 | Crypt Fiend |
| 5:52 | Ziggurat |
| 6:16 | Crypt Fiend |
| 6:39 | Death Coil |
| 6:50 | Slaughterhouse |
| 6:56 | Improved Creature Attack |
| 7:09 | Web |
| 7:47 | Crypt Fiend |
| 7:48 | Burrow |
| 7:56 | Rod of Necromancy |
| 8:03 | Frost Nova |
| 8:22 | Acolyte |
| 8:43 | Unholy Aura |
| 8:45 | Black Citadel |
| 8:48 | Creature Carapace |
| 8:51 | Obsidian Statue |
| 8:51 | Obsidian Statue |
| 10:07 | Dark Ritual |
| 10:26 | Necropolis |
| 10:41 | Spirit Tower |
| 10:52 | Scroll of Town Portal |
| 10:53 | Potion of Lesser Invulnerability |
| 11:19 | Destroyer Form |
| 11:21 | Ziggurat |
| 11:27 | Boneyard |
| 11:51 | Advanced Creature Attack |
| 12:03 | Frost Nova |
| 12:46 | Frost Wyrm |
| 12:48 | Obsidian Statue |
| 12:50 | Crypt Fiend |
| 13:15 | Death Coil |
| 13:33 | Obsidian Statue |
| 13:37 | Acolyte |
| 13:37 | Acolyte |
| 14:31 | Orb of Corruption |
| 14:32 | Scroll of Healing |
| 14:33 | Dark Ritual |
| 14:46 | Acolyte |
| 14:46 | Acolyte |
| 15:07 | Scroll of Town Portal |
| 15:16 | Ziggurat |
| 15:32 | Freezing Breath |
| 16:01 | Ziggurat |
| 16:04 | Improved Creature Carapace |
| 16:08 | Acolyte |
| 16:18 | Frost Wyrm |
| 16:39 | Slaughterhouse |
| 16:50 | Abomination |
| 18:08 | Frost Nova |
| 18:19 | Unholy Aura |
| Select group | 1322 |
| Right click | 665 |
| Select | 642 |
| Misc. action | 194 |
| Build/train/purchase | 79 |
| Use ability | 68 |
| Assign group | 62 |
| Chat | 14 |
| Item give/drop | 9 |
| Esc | 2 |
| Minimap ping | 2 |


| Healing Salve | 3 | 300 |
| Lesser Clarity Potion | 4 | 280 |
| Scroll of Town Portal | 1 | 350 |
| total: | 8 | 930g |
| Peon | 12 | 900 | / | 0 |
| Troll Headhunter | 14 | 1960 | / | 280 |
| Shaman | 16 | 2080 | / | 320 |
| Troll Berserker | 9 | 1260 | / | 180 |
| Tauren | 1 | 280 | / | 80 |
| Goblin Shredder | 1 | 375 | / | 100 |
| total: | 53 | 6855g | / | 960w |
| Altar of Storms | 1 | 180 | / | 50 |
| Orc Burrow | 6 | 960 | / | 240 |
| War Mill | 1 | 205 | / | 0 |
| Barracks | 1 | 180 | / | 50 |
| Voodoo Lounge | 1 | 130 | / | 30 |
| Great Hall | 1 | 385 | / | 185 |
| Spirit Lodge | 1 | 150 | / | 150 |
| Tauren Totem | 1 | 135 | / | 155 |
| Stronghold | 1 | 315 | / | 190 |
| Fortress | 1 | 325 | / | 190 |
| total: | 13 | 2325g | / | 860w |
| 0:04 | Peon |
| 0:04 | Peon |
| 0:11 | Altar of Storms |
| 0:20 | Peon |
| 0:23 | Orc Burrow |
| 0:25 | Peon |
| 0:42 | Peon |
| 0:51 | War Mill |
| 0:54 | Peon |
| 1:07 | Peon |
| 1:19 | Barracks |
| 1:25 | Peon |
| 1:44 | Orc Burrow |
| 2:10 | Voodoo Lounge |
| 2:12 | Feral Spirit |
| 2:19 | Troll Headhunter |
| 2:29 | Troll Headhunter |
| 2:54 | Stronghold |
| 3:16 | Troll Headhunter |
| 3:39 | Orc Burrow |
| 3:46 | Chain Lighting |
| 3:48 | Troll Headhunter |
| 3:48 | Troll Headhunter |
| 4:25 | Great Hall |
| 4:46 | Healing Salve |
| 4:46 | Lesser Clarity Potion |
| 4:59 | Feral Spirit |
| 5:06 | Troll Headhunter |
| 5:06 | Troll Headhunter |
| 5:06 | Troll Headhunter |
| 5:09 | Orc Burrow |
| 5:34 | Spirit Lodge |
| 6:23 | Healing Salve |
| 6:23 | Lesser Clarity Potion |
| 6:23 | Lesser Clarity Potion |
| 6:49 | Healing Wave |
| 7:03 | Peon |
| 7:03 | Peon |
| 7:04 | Peon |
| 7:04 | Peon |
| 7:06 | Goblin Shredder |
| 7:45 | Fortress |
| 7:47 | Shaman |
| 7:47 | Shaman Adept Training |
| 7:52 | Chain Lighting |
| 7:53 | Scroll of Town Portal |
| 7:54 | Healing Salve |
| 7:55 | Lesser Clarity Potion |
| 8:07 | Troll Regeneration |
| 8:11 | Orc Burrow |
| 8:25 | Shaman |
| 8:26 | Shaman |
| 9:04 | Troll Headhunter |
| 9:04 | Troll Headhunter |
| 9:05 | Hex |
| 9:36 | Orc Burrow |
| 9:38 | Steel Ranged Weapons |
| 9:38 | Reinforced Defenses |
| 9:46 | Troll Headhunter |
| 9:47 | Troll Headhunter |
| 9:47 | Shaman |
| 9:47 | Shaman |
| 10:49 | Healing Wave |
| 10:55 | Shaman Master Training |
| 10:56 | Berserker Upgrade |
| 10:57 | Troll Headhunter |
| 10:57 | Troll Headhunter |
| 10:58 | Shaman |
| 10:58 | Shaman |
| 11:41 | Thorium Ranged Weapons |
| 11:42 | Steel Armor |
| 11:43 | Shaman |
| 11:43 | Shaman |
| 11:44 | Troll Berserker |
| 11:44 | Troll Berserker |
| 11:44 | Troll Berserker |
| 11:44 | Troll Berserker |
| 12:32 | Feral Spirit |
| 13:09 | Shaman |
| 13:10 | Shaman |
| 13:10 | Shaman |
| 13:10 | Shaman |
| 13:29 | Troll Berserker |
| 13:29 | Troll Berserker |
| 13:29 | Shaman |
| 13:34 | Hex |
| 14:01 | Tauren Totem |
| 14:12 | Arcanite Ranged Weapons |
| 14:12 | Thorium Armor |
| 14:14 | Spiked Barricades |
| 15:54 | Pulverize |
| 16:01 | Tauren |
| 16:49 | Earth Quake |
| 17:00 | Healing Wave |
| 17:18 | Troll Berserker |
| 17:18 | Troll Berserker |
| 17:21 | Troll Berserker |
| 17:23 | Shaman |
| 17:23 | Shaman |
| Right click | 1205 |
| Select | 841 |
| Select group | 439 |
| Misc. action | 139 |
| Build/train/purchase | 137 |
| Assign group | 48 |
| Use ability | 41 |
| Esc | 10 |
| Item give/drop | 6 |


| Rod of Necromancy | 2 | 300 |
| Sacrificial Skull | 1 | 50 |
| Potion of Healing | 1 | 150 |
| Potion of Mana | 1 | 200 |
| Scroll of Town Portal | 2 | 700 |
| Scroll of Healing | 4 | 1000 |
| Potion of Lesser Invulnerability | 1 | 150 |
| total: | 12 | 2550g |
| Acolyte | 14 | 1050 | / | 0 |
| Ghoul | 2 | 240 | / | 0 |
| Crypt Fiend | 20 | 4300 | / | 800 |
| total: | 36 | 5590g | / | 800w |
| Spirit Tower | 3 | 435 | / | 120 |
| Crypt | 2 | 400 | / | 100 |
| Graveyard | 1 | 215 | / | 0 |
| Altar of Darkness | 1 | 180 | / | 50 |
| Ziggurat | 8 | 1200 | / | 400 |
| Tomb of Relics | 1 | 130 | / | 30 |
| Necropolis | 1 | 225 | / | 0 |
| Halls of the Dead | 2 | 640 | / | 420 |
| total: | 14 | 2350g | / | 580w |
| 0:03 | Acolyte |
| 0:03 | Acolyte |
| 0:20 | Crypt |
| 0:37 | Graveyard |
| 0:53 | Altar of Darkness |
| 1:07 | Ziggurat |
| 1:24 | Ghoul |
| 1:30 | Ghoul |
| 1:58 | Tomb of Relics |
| 2:04 | Ziggurat |
| 2:19 | Crypt Fiend |
| 2:35 | Acolyte |
| 2:44 | Crypt Fiend |
| 2:44 | Crypt Fiend |
| 2:57 | Death Coil |
| 3:03 | Rod of Necromancy |
| 3:15 | Sacrificial Skull |
| 3:26 | Crypt Fiend |
| 3:56 | Crypt Fiend |
| 4:02 | Ziggurat |
| 4:32 | Ziggurat |
| 4:35 | Ziggurat |
| 4:51 | Unholy Aura |
| 5:12 | Halls of the Dead |
| 5:34 | Creature Attack |
| 5:34 | Crypt Fiend |
| 5:54 | Creature Carapace |
| 5:56 | Crypt |
| 6:56 | Crypt Fiend |
| 7:02 | Ziggurat |
| 7:14 | Spirit Tower |
| 7:15 | Spirit Tower |
| 7:35 | Death Coil |
| 7:40 | Acolyte |
| 7:40 | Acolyte |
| 8:05 | Crypt Fiend |
| 8:23 | Acolyte |
| 8:32 | Burrow |
| 8:32 | Web |
| 8:40 | Improved Creature Attack |
| 8:49 | Rod of Necromancy |
| 8:54 | Frost Nova |
| 9:51 | Crypt Fiend |
| 9:54 | Acolyte |
| 9:55 | Acolyte |
| 9:55 | Acolyte |
| 11:06 | Acolyte |
| 11:06 | Acolyte |
| 11:06 | Acolyte |
| 11:12 | Ziggurat |
| 11:39 | Scroll of Town Portal |
| 11:59 | Improved Creature Carapace |
| 12:32 | Death Pact |
| 12:33 | Crypt Fiend |
| 12:37 | Ziggurat |
| 12:51 | Necropolis |
| 13:15 | Dark Ritual |
| 13:15 | Frost Armor |
| 13:35 | Crypt Fiend |
| 14:02 | Crypt Fiend |
| 14:23 | Scroll of Town Portal |
| 14:26 | Crypt Fiend |
| 14:31 | Acolyte |
| 14:31 | Acolyte |
| 14:37 | Potion of Healing |
| 14:46 | Potion of Mana |
| 15:13 | Scroll of Healing |
| 15:23 | Crypt Fiend |
| 15:58 | Potion of Lesser Invulnerability |
| 15:58 | Scroll of Healing |
| 15:58 | Scroll of Healing |
| 16:08 | Frost Nova |
| 16:26 | Crypt Fiend |
| 16:33 | Scroll of Healing |
| 16:47 | Crypt Fiend |
| 17:09 | Crypt Fiend |
| 17:29 | Crypt Fiend |
| 18:01 | Crypt Fiend |
| 18:01 | Crypt Fiend |
| 18:03 | Death Coil |
| Select group | 740 |
| Right click | 705 |
| Select | 337 |
| Build/train/purchase | 126 |
| Misc. action | 106 |
| Use ability | 38 |
| Assign group | 34 |
| Chat | 10 |
| Item give/drop | 2 |
| Esc | 2 |
| Minimap ping | 1 |
130 units @ 18.3k
/ 2.7k
64 buildings @ 10.3k
/ 4.3k
| Wisp | 7 | 420 | / | 0 |
| total: | 7 | 420g | / | 0w |
| Moon Well | 1 | 180 | / | 40 |
| total: | 1 | 180g | / | 40w |
| 0:07 | Wisp |
| 0:07 | Wisp |
| 0:07 | Wisp |
| 0:07 | Wisp |
| 0:08 | Wisp |
| 0:08 | Wisp |
| 0:10 | Wisp |
| 0:24 | Moon Well |
| Build/train/purchase | 9 |
| Select | 7 |
| Right click | 2 |
| Minimap ping | 1 |


| Healing Salve | 4 | 400 |
| Lesser Clarity Potion | 5 | 350 |
| Scroll of Speed | 2 | 100 |
| Potion of Mana | 4 | 800 |
| Potion of Healing | 6 | 900 |
| Scroll of Town Portal | 4 | 1400 |
| total: | 25 | 3950g |
| Peon | 10 | 750 | / | 0 |
| Grunt | 1 | 200 | / | 0 |
| Troll Headhunter | 9 | 1260 | / | 180 |
| Shaman | 3 | 390 | / | 60 |
| Troll Witch Doctor | 3 | 435 | / | 75 |
| Troll Berserker | 2 | 280 | / | 40 |
| Troll Batrider | 1 | 160 | / | 40 |
| Goblin Shredder | 1 | 375 | / | 100 |
| Wisp | 6 | 360 | / | 0 |
| Archer | 3 | 390 | / | 30 |
| Huntress | 4 | 780 | / | 80 |
| Glaive Thrower | 3 | 630 | / | 195 |
| total: | 46 | 6010g | / | 800w |
| Watch Tower | 7 | 770 | / | 560 |
| Altar of Storms | 1 | 180 | / | 50 |
| Orc Burrow | 5 | 800 | / | 200 |
| Barracks | 1 | 180 | / | 50 |
| War Mill | 1 | 205 | / | 0 |
| Voodoo Lounge | 2 | 260 | / | 60 |
| Great Hall | 1 | 385 | / | 185 |
| Spirit Lodge | 2 | 300 | / | 300 |
| Beastiary | 1 | 145 | / | 140 |
| Stronghold | 1 | 315 | / | 190 |
| Fortress | 1 | 325 | / | 190 |
| Ancient Protector | 2 | 270 | / | 160 |
| Altar of Elders | 1 | 180 | / | 50 |
| Moon Well | 4 | 720 | / | 160 |
| Ancient of War | 2 | 300 | / | 120 |
| Hunter's Hall | 1 | 210 | / | 100 |
| Ancient of Wonders | 1 | 90 | / | 30 |
| Tree of Ages | 1 | 320 | / | 180 |
| Tree of Eternity | 1 | 330 | / | 200 |
| total: | 32 | 4995g | / | 2165w |
| 0:02 | Peon |
| 0:02 | Peon |
| 0:07 | Wisp |
| 0:07 | Wisp |
| 0:09 | Altar of Elders |
| 0:20 | Altar of Storms |
| 0:25 | Peon |
| 0:27 | Moon Well |
| 0:35 | Orc Burrow |
| 0:42 | Peon |
| 0:51 | Ancient of War |
| 0:52 | Wisp |
| 0:55 | Barracks |
| 1:01 | Peon |
| 1:05 | War Mill |
| 1:08 | Wisp |
| 1:23 | Peon |
| 1:32 | Wisp |
| 1:55 | Orc Burrow |
| 1:57 | Grunt |
| 2:00 | Archer |
| 2:03 | Hunter's Hall |
| 2:05 | Wisp |
| 2:09 | Moon Well |
| 2:16 | Voodoo Lounge |
| 2:22 | Troll Headhunter |
| 2:28 | Force of Nature |
| 2:34 | Ancient of War |
| 2:37 | Feral Spirit |
| 2:49 | Ancient of Wonders |
| 2:51 | Archer |
| 3:11 | Peon |
| 3:11 | Troll Headhunter |
| 3:19 | Huntress |
| 3:23 | Moon Well |
| 3:41 | Troll Headhunter |
| 3:43 | Huntress |
| 3:54 | Great Hall |
| 4:08 | Orc Burrow |
| 4:17 | Healing Salve |
| 4:18 | Lesser Clarity Potion |
| 4:18 | Scroll of Speed |
| 4:32 | Troll Headhunter |
| 4:34 | Huntress |
| 5:11 | Huntress |
| 5:28 | Entangling Roots |
| 5:34 | Stronghold |
| 5:38 | Watch Tower |
| 5:40 | Watch Tower |
| 5:57 | Goblin Shredder |
| 6:10 | Orc Burrow |
| 6:14 | Tree of Ages |
| 6:15 | Strength of the Moon |
| 6:17 | Moon Well |
| 6:20 | Chain Lighting |
| 7:20 | Lesser Clarity Potion |
| 7:24 | Healing Salve |
| 7:37 | Troll Headhunter |
| 7:38 | Archer |
| 7:56 | Scroll of Town Portal |
| 7:56 | Potion of Mana |
| 8:03 | Peon |
| 8:03 | Peon |
| 8:03 | Peon |
| 8:04 | Watch Tower |
| 8:08 | Reinforced Defenses |
| 8:09 | Watch Tower |
| 8:19 | Troll Regeneration |
| 8:23 | Glaive Thrower |
| 8:29 | Watch Tower |
| 8:33 | Orc Burrow |
| 8:53 | Troll Headhunter |
| 8:55 | Glaive Thrower |
| 9:33 | Healing Salve |
| 9:37 | Potion of Healing |
| 9:40 | Scroll of Town Portal |
| 10:17 | Spirit Lodge |
| 10:29 | Hex |
| 10:41 | Entangling Roots |
| 11:01 | Chain Lighting |
| 11:15 | Fortress |
| 11:16 | Troll Headhunter |
| 11:18 | Steel Ranged Weapons |
| 11:18 | Steel Armor |
| 11:20 | Vorpal Blades |
| 11:21 | Glaive Thrower |
| 11:23 | Strength of the Wild |
| 11:24 | Reinforced Hides |
| 11:25 | Tree of Eternity |
| 11:33 | Scroll of Town Portal |
| 11:36 | Scroll of Speed |
| 11:37 | Healing Salve |
| 11:37 | Lesser Clarity Potion |
| 11:37 | Potion of Healing |
| 11:38 | Potion of Mana |
| 11:47 | Watch Tower |
| 11:50 | Spirit Lodge |
| 11:53 | Watch Tower |
| 11:57 | Shaman Adept Training |
| 12:10 | Ancient Protector |
| 12:14 | Ancient Protector |
| 12:24 | Voodoo Lounge |
| 12:37 | Spiked Barricades |
| 13:13 | Healing Wave |
| 13:40 | Potion of Healing |
| 14:05 | Troll Headhunter |
| 14:05 | Berserker Upgrade |
| 14:06 | Shaman |
| 14:06 | Troll Witch Doctor |
| 14:15 | Shaman Master Training |
| 14:16 | Shaman |
| 14:18 | Troll Headhunter |
| 14:30 | Shaman |
| 14:51 | Beastiary |
| 15:12 | Troll Berserker |
| 15:12 | Witch Doctor Adept Training |
| 15:13 | Troll Witch Doctor |
| 15:35 | Scroll of Town Portal |
| 15:35 | Potion of Mana |
| 15:40 | Potion of Healing |
| 15:42 | Lesser Clarity Potion |
| 15:43 | Potion of Mana |
| 16:13 | Lesser Clarity Potion |
| 16:20 | Potion of Healing |
| 16:50 | Troll Batrider |
| 17:03 | Feral Spirit |
| 17:23 | Witch Doctor Master Training |
| 17:23 | Troll Witch Doctor |
| 17:24 | Troll Berserker |
| 17:37 | Potion of Healing |
| 17:44 | Thorns Aura |
| Select group | 714 |
| Right click | 651 |
| Select | 599 |
| Misc. action | 231 |
| Build/train/purchase | 143 |
| Assign group | 84 |
| Use ability | 75 |
| Chat | 15 |
| Item give/drop | 11 |



| Potion of Healing | 1 | 150 |
| Potion of Mana | 2 | 400 |
| Lesser Clarity Potion | 1 | 70 |
| Orb of Lightning | 1 | 375 |
| Scroll of Town Portal | 6 | 2100 |
| Orb of Venom | 1 | 325 |
| total: | 12 | 3420g |
| Peon | 12 | 900 | / | 0 |
| Troll Headhunter | 4 | 560 | / | 80 |
| Shaman | 11 | 1430 | / | 220 |
| Troll Witch Doctor | 10 | 1450 | / | 250 |
| Troll Berserker | 10 | 1400 | / | 200 |
| Goblin Shredder | 1 | 375 | / | 100 |
| Wisp | 11 | 660 | / | 0 |
| Archer | 4 | 520 | / | 40 |
| Chimaera | 14 | 4620 | / | 980 |
| total: | 77 | 11915g | / | 1870w |
| Altar of Storms | 1 | 180 | / | 50 |
| Orc Burrow | 7 | 1120 | / | 280 |
| War Mill | 1 | 205 | / | 0 |
| Barracks | 1 | 180 | / | 50 |
| Voodoo Lounge | 2 | 260 | / | 60 |
| Great Hall | 1 | 385 | / | 185 |
| Spirit Lodge | 2 | 300 | / | 300 |
| Stronghold | 1 | 315 | / | 190 |
| Fortress | 1 | 325 | / | 190 |
| Ancient Protector | 1 | 135 | / | 80 |
| Altar of Elders | 1 | 180 | / | 50 |
| Ancient of War | 2 | 300 | / | 120 |
| Moon Well | 6 | 1080 | / | 240 |
| Hunter's Hall | 1 | 210 | / | 100 |
| Ancient of Wonders | 2 | 180 | / | 60 |
| Chimaera Roost | 3 | 420 | / | 570 |
| Tree of Ages | 1 | 320 | / | 180 |
| Tree of Eternity | 1 | 330 | / | 200 |
| total: | 31 | 5135g | / | 2145w |
| 0:01 | Peon |
| 0:01 | Peon |
| 0:04 | Altar of Storms |
| 0:11 | Wisp |
| 0:18 | Orc Burrow |
| 0:33 | Wisp |
| 0:33 | Wisp |
| 0:35 | Peon |
| 0:35 | Peon |
| 0:38 | Wisp |
| 0:44 | Altar of Elders |
| 0:51 | Wisp |
| 0:56 | War Mill |
| 1:10 | Barracks |
| 1:13 | Peon |
| 1:16 | Wisp |
| 1:22 | Ancient of War |
| 1:29 | Peon |
| 1:41 | Moon Well |
| 1:43 | Wisp |
| 1:46 | Orc Burrow |
| 1:55 | Wisp |
| 2:03 | Wisp |
| 2:07 | Peon |
| 2:08 | Feral Spirit |
| 2:11 | Troll Headhunter |
| 2:15 | Voodoo Lounge |
| 2:33 | Troll Headhunter |
| 2:45 | Wisp |
| 2:49 | Archer |
| 2:49 | Archer |
| 2:59 | Tree of Ages |
| 3:06 | Peon |
| 3:19 | Force of Nature |
| 3:32 | Archer |
| 3:33 | Hunter's Hall |
| 3:40 | Stronghold |
| 3:46 | Troll Headhunter |
| 4:01 | Great Hall |
| 4:19 | Chain Lighting |
| 4:30 | Orc Burrow |
| 4:31 | Steel Ranged Weapons |
| 4:33 | Archer |
| 4:40 | Ancient of War |
| 4:58 | Ancient Protector |
| 5:15 | Goblin Shredder |
| 5:24 | Wisp |
| 5:26 | Tree of Eternity |
| 5:28 | Strength of the Wild |
| 5:29 | Reinforced Hides |
| 5:41 | Orc Burrow |
| 5:42 | Steel Armor |
| 5:47 | Moon Well |
| 5:48 | Moon Well |
| 5:53 | Entangling Roots |
| 6:04 | Troll Regeneration |
| 6:27 | Feral Spirit |
| 6:28 | Peon |
| 6:28 | Peon |
| 6:29 | Peon |
| 6:29 | Peon |
| 6:44 | Spirit Lodge |
| 6:45 | Fortress |
| 6:53 | Entangling Roots |
| 7:01 | Improved Strength of the Wild |
| 7:40 | Spirit Lodge |
| 7:41 | Orc Burrow |
| 7:57 | Chimaera Roost |
| 7:58 | Chimaera Roost |
| 7:59 | Chimaera Roost |
| 8:01 | Moon Well |
| 8:31 | Ancient of Wonders |
| 8:42 | Witch Doctor Adept Training |
| 8:47 | Orc Burrow |
| 8:49 | Thorium Ranged Weapons |
| 8:50 | Troll Headhunter |
| 8:54 | Shaman Adept Training |
| 9:00 | Scroll of Town Portal |
| 9:03 | Scroll of Town Portal |
| 9:05 | Voodoo Lounge |
| 9:09 | Berserker Upgrade |
| 9:22 | Chimaera |
| 9:23 | Chimaera |
| 9:23 | Chimaera |
| 9:25 | Moon Well |
| 9:43 | Orb of Venom |
| 9:48 | Witch Doctor Master Training |
| 9:53 | War Stomp |
| 9:56 | Shaman Master Training |
| 10:24 | Chimaera |
| 10:25 | Chimaera |
| 11:01 | Shaman |
| 11:02 | Troll Witch Doctor |
| 11:08 | Moon Well |
| 11:15 | Corrosive Breath |
| 11:37 | Scroll of Town Portal |
| 11:43 | Trueshot Aura |
| 11:44 | Shaman |
| 11:44 | Troll Witch Doctor |
| 11:53 | Troll Berserker |
| 11:53 | Troll Berserker |
| 11:55 | Arcanite Ranged Weapons |
| 11:56 | Orc Burrow |
| 12:04 | Healing Wave |
| 12:33 | Chimaera |
| 12:33 | Chimaera |
| 12:34 | Chimaera |
| 12:42 | Ancient of Wonders |
| 12:48 | Scroll of Town Portal |
| 13:28 | Troll Berserker |
| 13:28 | Troll Berserker |
| 13:28 | Shaman |
| 13:28 | Shaman |
| 13:29 | Troll Witch Doctor |
| 13:29 | Troll Witch Doctor |
| 13:33 | Potion of Healing |
| 13:33 | Potion of Mana |
| 13:38 | Chimaera |
| 13:39 | Chimaera |
| 14:08 | Chimaera |
| 14:28 | Troll Berserker |
| 14:28 | Troll Berserker |
| 14:28 | Troll Berserker |
| 14:31 | Shaman |
| 14:31 | Shaman |
| 14:32 | Troll Witch Doctor |
| 14:32 | Troll Witch Doctor |
| 15:04 | Lesser Clarity Potion |
| 15:04 | Potion of Mana |
| 15:05 | Orb of Lightning |
| 15:16 | Chimaera |
| 15:16 | Chimaera |
| 15:43 | Scroll of Town Portal |
| 15:57 | Scroll of Town Portal |
| 16:11 | Shaman |
| 16:18 | Advanced Strength of the Wild |
| 16:19 | Chimaera |
| 16:54 | Endurance Aura |
| 17:25 | Troll Berserker |
| 17:26 | Shaman |
| 17:26 | Shaman |
| 17:26 | Troll Witch Doctor |
| 17:26 | Troll Witch Doctor |
| 17:34 | Chain Lighting |
| 18:00 | Hex |
| 18:15 | Troll Berserker |
| 18:15 | Troll Berserker |
| 18:16 | Shaman |
| 18:16 | Shaman |
| 18:16 | Troll Witch Doctor |
| 18:17 | Troll Witch Doctor |
| Select group | 934 |
| Right click | 804 |
| Select | 561 |
| Build/train/purchase | 168 |
| Misc. action | 109 |
| Use ability | 47 |
| Assign group | 46 |
| Resource trade | 16 |
| Item give/drop | 5 |
| Esc | 3 |
| Minimap ping | 2 |
⇛